 Dungeon Crawl Stone Soup version 0.27-a0-562-g0d39f094a4 (webtiles) character file.

Game seed: 352119873620474667

4 porpoise the Sneak (level 1, -1/20 HPs)
             Began as a Minotaur Delver on Mar 9, 2021.
             Slain by an orc
             ... wielding a +0 short sword
              (5 damage)
             ... on level 3 of the Dungeon.
             The game lasted 00:00:49 (115 turns).

porpoise the Sneak (Minotaur Delver)                 Turns: 115, Time: 00:00:49

Health: -1/20      AC:  3    Str: 16    XL:     1   Next: 50%
Magic:  0/0        EV: 11    Int:  7    God:
Gold:   28         SH:  0    Dex: 11    Spells: 0/0 levels left

rFire    . . .     SeeInvis .   a - +0 mace
rCold    . . .     Faith    .   (no shield)
rNeg     . . .     Spirit   .   b - +0 leather armour
rPois    .         Reflect  .   (helmet restricted)
rElec    .         Harm     .   (no cloak)
rCorr    .         Rampage  .   (no gloves)
Will     .....                  (no boots)
Stlth    ++........             (no amulet)
HPRegen  0.06/turn              (no ring)
MPRegen  0.07/turn              (no ring)

@: no status effects
A: horns 2, retaliatory headbutt
a: no special abilities


You were on level 3 of the Dungeon.
You visited 1 branch of the dungeon, and saw 3 of its levels.

You collected 28 gold pieces.

Inventory:

Hand Weapons
 a - a +0 mace (weapon)
Missiles
 i - 18 stones (quivered)
Armour
 b - a +0 leather armour (worn)
Wands
 g - a wand of digging (3)
Scrolls
 c - a scroll of fog
 d - a scroll of magic mapping
 e - a scroll of fear
 h - a scroll of immolation {unknown}
 k - a scroll of teleportation {unknown}
Potions
 f - a potion of haste
 j - a potion of resistance {unknown}
 l - a potion of might {unknown}
 m - a potion of ambrosia {unknown}


   Skills:
 + Level 3.8 Fighting
 + Level 2.7 Maces & Flails
 - Level 2.1 Dodging
 - Level 4.1 Stealth


You couldn't memorise any spells.
You didn't know any spells.
Your spell library contained the following spells:

 Spells                   Type           Power      Damage    Failure   Level
 Beastly Appendage        Tmut           0%         N/A       50%         1
 Wereblood                Tmut           0%         N/A       65%         2
 Spider Form              Tmut/Pois      0%         N/A       86%         3
 Ice Form                 Ice/Tmut       0%         N/A       99%         4
 Blade Hands              Tmut           0%         N/A       100%        5


Dungeon Overview and Level Annotations

Branches:
Dungeon (5/15)
 Temple: D:4-7

Altars:
Sif Muna


Innate Abilities, Weirdness & Mutations

You have a pair of horns on your head.
You reflexively headbutt those who attack you in melee.


Message History

You kill the orc!
An orc comes into view. It is wielding a +0 flail.
An orc comes into view.
Found a stone staircase leading up.
There is a stone staircase leading up here.
You climb upwards.
An orc comes into view. It is wielding a +0 trident.
Found a potion of haste.
There is a stone staircase leading down here.
The orc hits you but does no damage. 2 orcs come into view.
You hit the orc.
The orc is heavily wounded.
The orc shouts!
You hear a shout!
The orc shouts!
The orc hits you with a +0 trident.
You hit the orc.
You kill the orc!
An orc comes into view. It is wielding a +0 short sword.
You hit the orc. You headbutt the orc.
The orc is heavily wounded.
The orc hits you.
You hit the orc.
The orc is almost dead.
The orc misses you.
You closely miss the orc.
The orc is almost dead.
The orc hits you with a +0 flail! The orc hits you.
* * * LOW HITPOINT WARNING * * *
The orc barely misses you.
You are too injured to fight recklessly!
You barely miss the orc.
The orc is almost dead.
The orc closely misses you.
An adder comes into view.
The orc closely misses you.
The adder hisses angrily.
You hit the orc.
You kill the orc!
The orc misses you. The orc hits you with a +0 short sword.
You die...

#......#
#......#
#......#
#+##+#......###
...............
......#S.......
.......oo......
.......@#
......!.##
.......>.+
......####
...... ......
#.... .####


You could see an adder and 2 orcs.

Vanquished Creatures
  3 orcs
3 creatures vanquished.

Notes
Turn   | Place    | Note
-------+----------+-------------------------------------------
     0 | D:5      | porpoise the Minotaur Delver began the quest for the Orb.
     0 | D:5      | Reached XP level 1. HP: 19/19 MP: 0/0
     6 | D:5      | Found a shimmering blue altar of Sif Muna.
     7 | D:5      | Noticed a worker ant
    87 | D:4      | Noticed an orc priest
   115 | D:3      | Slain by an orc

Illustrated notes

Levels and vault maps discovered:
D:3:      layout_basic, ebering_ghost_sewer_d, minmay_fractal_squares_5,
          uniq_crazy_yiuf_cottage
D:4:      layout_rooms, nicolae_overflow_hidden_temple, uniq_ijyb
D:5:      layout_rooms, lemuel_round_altar, minmay_temple_entry_mini_moons

Action                   || total
-------------------------++-------
Melee: Mace              ||     8
       Headbutt          ||     1
Dodge: Dodged            ||     5

Table legend: (Time is in decaauts)
 A = Elapsed time spent in this place.
 B = Non-inter-level travel time spent in this place.
 C = Inter-level travel time spent in this place.
 D = Time resting spent in this place.
 E = Time spent auto-exploring this place.
 F = Levels seen in this place.
 G = Mean time per level.
                   A        B        C        D        E       F      G
               +--------+--------+--------+--------+--------+-----+--------+
         Total |    116 |    116 |      0 |      0 |      0 |   3 |   38.7 |
       Dungeon |    116 |    116 |      0 |      0 |      0 |   3 |   38.7 |
               +--------+--------+--------+--------+--------+-----+--------+

Top non-repeatable levels by time:
     D:5: 76 daAuts
     D:4: 30 daAuts
     D:3: 10 daAuts
